 Dungeon Crawl Stone Soup version 0.31-a0-426-g3a05650e59 (webtiles) character file.

Game seed: 1443756550190017633

9102 randomguy2701 the Cleaver (level 11, -4/95 HPs)
             Began as a Minotaur Fighter on July 27, 2023.
             Was a High Priest of Okawaru.
             Slain by Urug
             ... wielding a +3 broad axe
              (22 damage)
             ... on level 10 of the Dungeon on July 30, 2023.
             The game lasted 00:25:06 (10608 turns).

randomguy2701 the Cleaver (Minotaur Fighter)       Turns: 10608, Time: 00:25:08

Health: -4/95      AC: 18    Str: 20    XL:     11   Next: 18%
Magic:  10/12      EV: 17    Int:  5    God:    Okawaru [*****.]
Gold:   516        SH:  8    Dex: 21    Spells: 10/10 levels left

rFire   . . .        A - +2 hand axe (venom)
rCold   . . .        c - +0 buckler
rNeg    . . .        F - +0 plate armour
rPois   .            (helmet restricted)
rElec   .            (no cloak)
rCorr   .            (no gloves)
SInv    .            v - +0 pair of boots
Will    .....        (no amulet) Stlth
                     p - +5 ring of evasion
HPRegen 0.35/turn    r - +6 ring of dexterity
MPRegen 0.13/turn

%: no passive effects
@: heroic, studying Polearms
A: horns 2, retaliatory headbutt
a: Renounce Religion, Heroism, Finesse, Duel


You were on level 10 of the Dungeon.
You worshipped Okawaru.
Okawaru was extremely pleased with you.
You visited 2 branches of the dungeon, and saw 11 of its levels.

You collected 516 gold pieces.

Inventory:

Hand Weapons
 a - a +0 war axe
 A - a +2 hand axe of venom (weapon)
 J - a +0 spear
Armour
 c - a +0 buckler (worn)
 v - a +0 pair of boots (worn)
 F - a +0 plate armour (worn)
 I - +0 swamp dragon scales
Jewellery
 p - a +5 ring of evasion (left hand)
 r - a +6 ring of dexterity (right hand)
 w - a ring of see invisible
 x - a ring of positive energy
 G - a +4 ring of protection
 K - a ring of magical power
 M - an amulet of the acrobat
Wands
 o - a wand of paralysis (16)
 B - a wand of polymorph (10)
 E - a wand of flame (18)
Scrolls
 b - a scroll of silence {unknown}
 f - a scroll of blinking {unknown}
 g - 2 scrolls of revelation {unknown}
 l - 3 scrolls of vulnerability {unknown}
 m - 8 scrolls of identify {unknown}
 n - 2 scrolls of fog {unknown}
 s - 2 scrolls of enchant weapon {unknown}
 t - 2 scrolls of teleportation {unknown}
 y - a scroll of fear {unknown}
 L - a scroll of enchant armour {unknown}
 N - a scroll of poison {unknown}
Potions
 d - a potion of might
 e - 6 potions of curing {unknown}
 h - a potion of haste {unknown}
 i - 2 potions of resistance {unknown}
 j - 4 potions of degeneration {unknown}
 k - a potion of ambrosia {unknown}
 q - 3 potions of enlightenment {unknown}
 u - 2 potions of heal wounds {unknown}
 z - a potion of brilliance {unknown}
 C - a potion of invisibility {unknown}
 D - a potion of mutation {unknown}
 O - a potion of berserk rage {unknown}
Miscellaneous
 H - a piece from Xom's chessboard (15/15)


   Skills:
 + Level 8.6(13.6) Fighting
 + Level 12.4(18.1) Axes
 + Level 6.8(15.5) Polearms
 + Level 10.2(15.2) Armour
 + Level 4.8(9.8) Dodging
 - Level 1.5(6.5) Stealth
 + Level 8.5(13.5) Shields
 * Level 3.5 Invocations


You had 10 spell levels left.
You didn't know any spells.
Your spell library contained the following spells:

 Spells                   Type           Power      Damage    Failure   Level
 Ozocubu's Armour         Ice            0%         N/A       100%        3
 Passage of Golubria      Tloc           0%         N/A       100%        4
 Metabolic Englaciation   Hex/Ice        0%         N/A       100%        5
 Yara's Violent Unravell  Hex/Tmut       0%         3d3       100%        5
 Tukima's Dance           Hex            Unusable   N/A       N/A         3
 Simulacrum               Ice/Necr       Unusable   N/A       N/A         6

Dungeon Overview and Level Annotations

Branches:
Dungeon (10/15)            Temple (1/1) D:5            Lair (0/5) D:10
    Orc: D:9-12

Altars:
Ashenzari
Cheibriados
Dithmenos
Elyvilon
Fedhas
Gozag
Hepliaklqana
Kikubaaqudgha
Makhleb
Nemelex Xobeh
Okawaru
Qazlal
Ru
Sif Muna
Trog
Uskayaw
Vehumet
Wu Jian
Xom
Yredelemnul
Zin
The Shining One

Annotations:
D:9 exclusion: ice statue
D:10 Urug


Innate Abilities, Weirdness & Mutations

You have a pair of horns on your head.
You reflexively headbutt those who attack you in melee.


Message History

You hit the yak.
The yak is poisoned.
You hit Urug.
Urug looks as sick as possible!
You slash the yak!
The yak is poisoned.
You hit Urug but do no damage.
Urug looks as sick as possible!
Urug is heavily wounded.
You hit the yak.
The yak looks as sick as possible!
You barely miss the yak. The yak gores you but does no damage.
Urug hits you with a +3 broad axe!
You hit Urug but do no damage.
Urug looks as sick as possible!
Your headbutt misses Urug.
Urug is heavily wounded.
You closely miss the yak. You hit the yak.
The yak looks as sick as possible!
The yak gores you. The yak gores you but does no damage.
Urug hits you with a +3 broad axe.
You are too injured to fight recklessly!
You are too injured to fight recklessly!
Unknown command.
You gain the combat prowess of a mighty hero.
The yak gores you! You block the yak's attack. x2
Urug hits you with a +3 broad axe!
* * * LOW HITPOINT WARNING * * *
Unknown command.
You hit Urug but do no damage.
Urug looks as sick as possible!
Urug is severely wounded.
You completely miss the yak. You slash the yak!
The yak looks as sick as possible!
You hit the yak but do no damage. You hit Urug but do no damage.
Urug looks as sick as possible!
Urug is severely wounded.
You hit the yak.
The yak is poisoned.
You hit the yak.
The yak looks as sick as possible!
You hit the yak.
The yak looks as sick as possible!
The yak gores you but does no damage. The yak closely misses you.
The yak gores you!
* * * LOW HITPOINT WARNING * * *
Urug closely misses you.
You hit Urug but do no damage.
Urug looks as sick as possible!
Urug is severely wounded.
You hit the yak.
The yak looks as sick as possible!
You hit the yak but do no damage.
The yak looks as sick as possible!
You hit the yak.
The yak looks as sick as possible!
The yak gores you but does no damage. You block the yak's attack.
Urug hits you with a +3 broad axe!!
You die...

########################
........................
.....###...#####........
......YY................
.....Yo@..........####..
......Y.................
........................
###################+######'######
.........................#.......
.........................#.......
.........................#.......
.........................#.......
...####.......####†..##..########


You could see Urug (extremely poisoned) and 4 yaks.

Vanquished Creatures
  A centaur warrior (D:8)
  A two-headed ogre (D:9)
  A deep elf pyromancer (D:8)
  A gargoyle (D:10)
  Maggie (D:7)
  A shadow (D:8)
  A wraith (D:9)
  6 yaks
  5 wyverns (D:10)
  2 steam dragons (D:9)
  A vampire mosquito (D:6)
  An acid dragon (D:10)
  6 water moccasins
  An ice beast (D:4)
  2 sky beasts
  3 orc warriors
  5 black bears
  2 wolves (D:10)
  2 ogres
  A phantom (D:5)
  A gnoll sergeant (D:5)
  9 bullfrogs
  A scorpion (D:7)
  4 wights (D:8)
  4 howler monkeys
  5 crimson imps
  6 hounds
  2 gnoll boudas
  6 orc priests
  7 iguanas
  A sleepcap (D:6)
  5 orc wizards
  19 gnolls
  12 adders
  2 white imps
  6 ufetubi (D:9)
  9 worms
  5 dart slugs
  43 orcs
  11 endoplasms
  2 giant cockroaches
  17 goblins
  6 hobgoblins
  4 jackals (D:4)
  2 kobolds
  A quokka (D:3)
  8 ball pythons
  3 bats
  7 frilled lizards
  4 rats
256 creatures vanquished.

Vanquished Creatures (others)
  A sleepcap (D:6)
1 creature vanquished.

Grand Total: 257 creatures vanquished

Notes
Turn   | Place    | Note
-------+----------+-------------------------------------------
     0 | D:1      | randomguy2701 the Minotaur Fighter began the quest for the
                  | Orb.
     0 | D:1      | Reached XP level 1. HP: 19/19 MP: 0/0
   227 | D:1      | Reached XP level 2. HP: 26/27 MP: 1/1
   229 | D:1      | Reached skill level 3 in Axes
   562 | D:1      | Reached XP level 3. HP: 33/33 MP: 2/2
   748 | D:2      | Found a shimmering altar of Xom.
   865 | D:2      | Reached skill level 4 in Axes
  1104 | D:2      | Reached XP level 4. HP: 40/40 MP: 3/3
  1610 | D:3      | Reached XP level 5. HP: 9/47 MP: 4/4
  1777 | D:3      | Found a faded altar of an unknown god.
  1965 | D:3      | Reached skill level 5 in Axes
  1968 | D:3      | Reached skill level 1 in Dodging
  2806 | D:4      | Noticed a black bear
  2808 | D:4      | Noticed a black bear
  2851 | D:4      | Killed a black bear
  2852 | D:4      | Reached skill level 5 in Armour
  2852 | D:4      | Reached XP level 6. HP: 53/53 MP: 5/5
  2860 | D:4      | Reached skill level 6 in Axes
  2879 | D:4      | Found a bloodstained altar of Trog.
  3218 | D:4      | Reached XP level 7. HP: 39/60 MP: 6/6
  3222 | D:4      | Reached skill level 5 in Fighting
  3608 | D:4      | Reached skill level 7 in Axes
  3763 | D:5      | Entered Level 5 of the Dungeon
  3994 | D:5      | Reached skill level 1 in Stealth
  4019 | D:5      | Reached skill level 8 in Axes
  4019 | D:5      | Reached XP level 8. HP: 68/69 MP: 7/7
  4026 | D:5      | Reached skill level 5 in Shields
  4317 | D:5      | Found a staircase to the Ecumenical Temple.
  4862 | D:5      | Found a hazy altar of Hepliaklqana.
  5148 | Temple   | Entered the Ecumenical Temple
  5178 | Temple   | Became a worshipper of Warmaster Okawaru
  5260 | D:6      | Reached skill level 9 in Axes
  5263 | D:6      | Identified the +0 leather armour of the Soldier {Will-
                  | Dex+2 Slay+5}
  5459 | D:6      | Found a stormy altar of Qazlal.
  5561 | D:6      | Reached XP level 9. HP: 59/77 MP: 8/8
  5683 | D:6      | Reached * piety under Okawaru
  6098 | D:7      | Reached skill level 10 in Axes
  6448 | D:7      | Noticed Maggie
  6462 | D:7      | Killed Maggie
  7004 | D:8      | Noticed a centaur warrior
  7018 | D:8      | Killed a centaur warrior
  7018 | D:8      | Reached ** piety under Okawaru
  7044 | D:8      | HP: 2/79 [shadow (6)]
  7309 | D:8      | Reached XP level 10. HP: 86/86 MP: 9/9
  7320 | D:8      | Reached skill level 11 in Axes
  7448 | D:8      | Found a shimmering blue altar of Sif Muna.
  7501 | D:8      | Reached *** piety under Okawaru
  7539 | D:8      | Noticed a deep elf pyromancer
  7549 | D:8      | Killed a deep elf pyromancer
  7858 | D:8      | Upgraded the game from 0.31-a0-365-gcf821cafb2 to
                  | 0.31-a0-408-gb642c7f9a3
  8013 | D:8      | Upgraded the game from 0.31-a0-408-gb642c7f9a3 to
                  | 0.31-a0-426-g3a05650e59
  8020 | D:10     | Entered Level 10 of the Dungeon
  8162 | D:9      | Noticed an ice statue
  8586 | D:9      | Reached skill level 1 in Polearms
  8712 | D:9      | Received a gift from Okawaru
  8733 | D:9      | Reached **** piety under Okawaru
  8734 | D:9      | Reached skill level 1 in Invocations
  8906 | D:9      | Reached skill level 5 in Polearms
  9320 | D:9      | Noticed a two-headed ogre
  9335 | D:9      | Killed a two-headed ogre
  9336 | D:9      | Reached skill level 12 in Axes
  9612 | D:9      | Found a shimmering altar of Xom.
 10014 | D:10     | Found a broken altar of Ashenzari.
 10075 | D:10     | Reached skill level 10 in Armour
 10076 | D:10     | Reached XP level 11. HP: 33/95 MP: 8/12
 10349 | D:10     | Found a staircase to the Lair.
 10404 | D:10     | Reached ***** piety under Okawaru
 10589 | D:10     | Noticed Urug
 10608 | D:10     | Slain by Urug

Illustrated notes

Levels and vault maps discovered:
D:1:      minmay_arrival_radiant_lines, layout_loops_ring,
          hangedman_decor_growths, st_stairs_8, minmay_pentomino_q4
D:2:      layout_loops_ring, basic_altar
D:3:      layout_basic, shapermc_ecumenical_altar_gd, nrook_mini_vaults
D:4:      layout_loops_corners, trog_ov_bears_minmay, nicolae_wormholes
D:5:      layout_loops_ring, worldfamousw_hep_ancestral_shrine,
          minmay_temple_entry_gardened_gates, minmay_diced_spiral
D:6:      layout_rooms, grunt_qazlal_clouds, minmay_door_square,
          minmay_crystal_water, minmay_manual_mandibuliform
D:7:      layout_cave_pools, minmay_fire_ice_demons, uniq_maggie
D:8:      layout_basic, overflow_temple_1_default, minmay_radiant
D:9:      cheibrodos_frozen_isle, layout_basic, led_xom_imps
D:10:     layout_stronghold, nicolae_ashenzari_panopticon,
          minmay_lair_entry_grove, roderic_batcave, uniq_urug
Temple:   nicolae_temple_elliptical

Skill      XL: |  1  2  3  4  5  6  7  8  9 10 |
---------------+-------------------------------+-----
Axes           | 3 4 5 6 8 9 10 12 | 12.4
Fighting       | 4 5 6 7 8 |  8.6
Armour         | 4 5 6 7 8 10 | 10.2
Shields        | 4 6 7 8 |  8.5
Dodging        | 1 2 3 4 |  4.8
Stealth        | 1 |  1.5
Polearms       | 6 |  6.8
Invocations    | 3 |  3.5

Action                     |  1- 3 |  4- 6 |  7- 9 | 10-12 || total
---------------------------+-------+-------+-------+-------++-------
  Melee: War axe           |    80 |   144 |   121 |       ||   345
         Headbutt          |    14 |    25 |    69 |    81 ||   189
         Hand axe          |       |       |   149 |   242 ||   391
         Spear             |       |       |       |   141 ||   141
 Invoke: Heroism           |       |       |       |     2 ||     2
 Armour: Scale mail        |    34 |    52 |    45 |       ||   131
         Plate armour      |       |       |    21 |    78 ||    99
  Dodge: Dodged            |    36 |    84 |   148 |    95 ||   363
  Block: Buckler           |    16 |    27 |    84 |    65 ||   192

Table legend: (Time is in decaauts)
 A = Elapsed time spent in this place.
 B = Non-inter-level travel time spent in this place.
 C = Inter-level travel time spent in this place.
 D = Time resting spent in this place.
 E = Time spent auto-exploring this place.
 F = Levels seen in this place.
 G = Mean time per level.
                   A        B        C        D        E       F      G
               +--------+--------+--------+--------+--------+-----+--------+
         Total |  10573 |   9608 |    965 |    590 |   7250 |  11 |  961.2 |
       Dungeon |  10513 |   9599 |    914 |    590 |   7250 |  10 | 1051.3 |
        Temple |     59 |      8 |     51 |      0 |      0 |   1 |   59.0 |
               +--------+--------+--------+--------+--------+-----+--------+

Top non-repeatable levels by time:
     D:9: 1876 daAuts
     D:3: 1309 daAuts
     D:5: 1275 daAuts
     D:4: 1166 daAuts
     D:7: 1120 daAuts
     D:6: 830 daAuts
     D:8: 755 daAuts
     D:1: 752 daAuts
     D:2: 745 daAuts
    D:10: 684 daAuts
  Temple: 59 daAuts
